 Dungeon Crawl Stone Soup version 0.23.2-33-g5129a83184 (webtiles) character file.

Game seed: 7567275592256286346

57 Folque the Conjurer (level 3, -1/28 HPs)
             Began as a Demigod Conjurer on July 11, 2019.
             Slain by an adder (5 damage)
             ... on level 2 of the Dungeon.
             The game lasted 00:05:54 (2070 turns).

Folque the Conjurer (Demigod Conjurer)              Turns: 2070, Time: 00:05:55

Health: -1/28      AC:  2    Str: 11    XL:     3   Next: 50%
Magic:  2/9        EV: 12    Int: 21    God:
Gold:   56         SH:  0    Dex: 16    Spells: 1/7 levels left

rFire    . . .     SeeInvis .   e - +0 short sword
rCold    . . .     Gourm    .   (no shield)
rNeg     . . .     Faith    .   a - +0 robe
rPois    .         Spirit   .   (no helmet)
rElec    .         Reflect  .   (no cloak)
rCorr    .         Harm     .   (no gloves)
MR       .....                  (no boots)
Stlth    ++........             (no amulet)
HPRegen  0.09/turn              (no ring)
MPRegen  0.11/turn              (no ring)

@: no status effects
A: high mp 1
a: no special abilities


You were on level 2 of the Dungeon.
You were not hungry.

You visited 1 branch of the dungeon, and saw 2 of its levels.

You collected 56 gold pieces.

Inventory:

Hand Weapons
 b - a +0 dagger
 e - a +0 short sword (weapon)
Armour
 a - a +0 robe (worn)
Scrolls
 d - a scroll of remove curse {unknown}
 g - a scroll of fear {unknown}
Potions
 h - a potion of curing {unknown}
Comestibles
 c - a ration
 f - 3 chunks of flesh


   Skills:
 - Level 1.0 Fighting
 - Level 1.7 Dodging
 - Level 1.7 Stealth
 * Level 2.5 Spellcasting
 - Level 4.1 Conjurations
 + Level 0.6 Hexes


You had one spell level left.
You knew the following spells:

 Your Spells              Type           Power        Failure   Level  Hunger
a - Magic Dart            Conj           ###.         2%          1    None
b - Searing Ray           Conj           ###...       3%          2    ##.....
c - Dazzling Spray        Conj/Hex       ##....       16%         3    ###....

Your spell library contained the following spells:

 Spells                   Type           Power        Failure   Level  Hunger
 Iskenderun's Mystic Bla  Conj           ###.....     26%         4    ####...
 Fulminant Prism          Conj/Hex       ##........   45%         4    ####...
 Force Lance              Conj/Tloc      ##......     52%         4    ####...


Dungeon Overview and Level Annotations

Branches:
Dungeon (2/15)


Innate Abilities, Weirdness & Mutations

You have an increased reservoir of magic. (+10% MP)


Message History

The searing ray hits the gnoll.
The gnoll is heavily wounded.
The adder bites you but does no damage.
The searing ray hits the gnoll.
The gnoll is almost dead.
The adder barely misses you. The gnoll closely misses you.
The searing ray hits the gnoll!
The gnoll is severely wounded.
The searing ray hits the gnoll!
You kill the gnoll!
You finish channeling your searing ray.
The adder closely misses you. The gnoll barely misses you.
Your magical contamination has completely faded away.
The adder barely misses you. The gnoll closely misses you.
The adder barely misses you. The adder closely misses you.
There is a stone staircase leading up here.
The adder bites you.
You die...

$.########)###(###.#
..............÷# #.#
######.##..##.###.#
#.##..##.....#
#.##.......### #
#.##..###### #.
#.##...
#.###.######.##.#.#
........@)......#.#
.#.###S####..#.#.#
#g# #..#.#.#####
###g####...........
#...g.......#.####
#.#.#..########
#.......# ####
#.###...###### ..#
#.# #.÷.......


You could see 2 gnolls and an adder.

Vanquished Creatures
  A gnoll (D:2)
  An ooze (D:1)
  A leopard gecko (D:1)
  A giant cockroach (D:1)
  5 goblins
  5 hobgoblins (D:1)
  2 jackals (D:1)
  2 quokkas (D:2)
  A ball python (D:1)
  8 bats
  A frilled lizard (D:1)
  7 kobolds
  3 rats (D:1)
38 creatures vanquished.

Notes
Turn   | Place    | Note
-------+----------+-------------------------------------------
     0 | D:1      | Folque the Demigod Conjurer began the quest for the Orb.
     0 | D:1      | Reached XP level 1. HP: 14/14 MP: 5/5
   616 | D:1      | Reached XP level 2. HP: 15/22 MP: 1/7
   648 | D:1      | Learned a level 2 spell: Searing Ray
   831 | D:1      | Reached skill level 4 in Conjurations
  1204 | D:1      | Reached skill level 1 in Fighting
  1230 | D:1      | HP: 1/23 [kobold/+0 club (4)]
  1553 | D:1      | Reached XP level 3. HP: 24/28 MP: 8/8
  1561 | D:1      | Learned a level 3 spell: Dazzling Spray
  2070 | D:2      | Slain by an adder

Skill      XL: |  1  2 |
---------------+-------+-----
Spellcasting   | 2 |  2.5
Conjurations   | 4 |  4.1
Fighting       | 1 |  1.0
Dodging        | |  1.7
Stealth        | |  1.7
Hexes          | |  0.6

Action                   || total
-------------------------++-------
Melee: Unarmed           ||    27
       Short sword       ||    66
       Dagger            ||     8
 Cast: Magic Dart        ||    26
       Dazzling Spray    ||     4
       Searing Ray       ||     1
 Stab: Sleeping          ||     3
  Eat: Chunk             ||     4
Armor: Robe              ||    21
Dodge: Dodged            ||   108
